 Dungeon Crawl Stone Soup version 0.23.1 (webtiles) character file.

Game seed: 66602669282589303

22 Lusmu the Grave Robber (level 2, -5/12 HPs)
             Began as a Felid Necromancer on Mar 14, 2019.
             Slain by a worm (12 damage)
             ... on level 2 of the Dungeon.
             The game lasted 00:03:56 (757 turns).

Lusmu the Grave Robber (Felid Necromancer)           Turns: 757, Time: 00:03:57

Health: -5/12      AC:  1    Str:  4    XL:     2   Next: 68%
Magic:  6/6        EV: 18    Int: 16    God:
Gold:   66         SH:  0    Dex: 16    Spells: 3/5 levels left
                                        Lives:  0   Deaths: 0

rFire    . . .     SeeInvis +     - Unarmed
rCold    . . .     Gourm    .   (shield unavailable)
rNeg     . . .     Faith    .   (armour unavailable)
rPois    .         Spirit   .   (helmet unavailable)
rElec    .         Reflect  .   (cloak unavailable)
rCorr    .         Harm     .   (gloves unavailable)
MR       +....                  (boots unavailable)
Stlth    +++.......             (no amulet)
HPRegen  0.04/turn              a - ring of protection from magic
MPRegen  0.10/turn              (no ring)

@: quick
A: very small, no armour, no weapons or thrown items, stealth, claws 1, fangs 3,
see invisible, carnivore, speed 1, shaggy fur 1, slow metabolism 1, sharp paws
a: no special abilities


You were on level 2 of the Dungeon.
You were completely stuffed.

You visited 1 branch of the dungeon, and saw 2 of its levels.

You collected 66 gold pieces.

Inventory:

Jewellery
 a - a ring of protection from magic (left paw)
Scrolls
 c - a scroll of remove curse {unknown}
 d - a scroll of teleportation {unknown}
 g - a scroll of magic mapping {unknown}
Potions
 e - a potion of mutation {unknown}
Comestibles
 b - 2 rations
 f - 7 chunks of flesh


   Skills:
 + Level 1.0 Fighting
 - Level 2.6 Dodging
 + Level 3.2 Stealth
 + Level 1.0 Unarmed Combat
 - Level 2.0 Spellcasting
 + Level 4.2 Necromancy


You had 3 spell levels left.
You knew the following spells:

 Your Spells              Type           Power        Failure   Level  Hunger
a - Pain                  Necr           ###.         3%          1    #......
b - Animate Skeleton      Necr           N/A          3%          1    #......

Your spell library contained the following spells:

 Spells                   Type           Power        Failure   Level  Hunger
 Vampiric Draining        Necr           ###.......   11%         3    ###....
 Regeneration             Chrm/Necr      #.........   26%         3    ###....
 Animate Dead             Necr           N/A          36%         4    #####..


Dungeon Overview and Level Annotations

Branches:
Dungeon (1/15)

Altars:
Okawaru


Innate Abilities, Weirdness & Mutations

You cannot wear armour.
You are incapable of wielding weapons or throwing items.
Your paws allow you to move quietly. (Stealth)
You have sharp claws.
You have razor-sharp teeth.
You have supernaturally acute eyesight. (SInv)
You are carnivorous and can eat meat at any time.
You cover ground quickly.
You are covered in fur. (AC +1)
You have a slow metabolism.
Your sharp claws are effective at attacking unaware monsters.


Message History

You scratch the hobgoblin.
The hobgoblin is severely wounded.
The hobgoblin closely misses you.
You barely miss the hobgoblin.
The hobgoblin is severely wounded.
The hobgoblin hits you.
You closely miss the hobgoblin. Your bite misses the hobgoblin.
The hobgoblin is severely wounded.
The hobgoblin closely misses you.
You barely miss the hobgoblin.
The hobgoblin is severely wounded.
The hobgoblin completely misses you.
You barely miss the hobgoblin.
The hobgoblin is severely wounded.
The hobgoblin barely misses you.
You scratch the hobgoblin but do no damage.
The hobgoblin is severely wounded.
The hobgoblin barely misses you. The worm bites you!
Ouch! That really hurt!
You die...

########## ###
......#.. ..#
......#.# #.#
......#.########.#
.!....'w.w.....>.#
......#+##.#####.#
...........# #w#
...........# #w#
#..........# #@#
#........#.# #g#
#####.##.#.. ..#
.l##.### #### .. .
..#


You could see 2 worms and a hobgoblin.

Vanquished Creatures
  An ooze (D:1)
  A bat (D:1)
  A goblin (D:1)
  4 hobgoblins (D:1)
  3 jackals (D:1)
  A frilled lizard (D:1)
  A kobold (D:1)
  4 rats (D:1)
16 creatures vanquished.

Vanquished Creatures (collateral kills)
  A kobold (D:1)
1 creature vanquished.

Grand Total: 17 creatures vanquished

Notes
Turn   | Place    | Note
-------+----------+-------------------------------------------
     0 | D:1      | Lusmu the Felid Necromancer began the quest for the Orb.
     0 | D:1      | Reached XP level 1. HP: 7/7 MP: 4/4
   162 | D:1      | Learned a level 1 spell: Animate Skeleton
   268 | D:1      | Reached XP level 2. HP: 12/12 MP: 6/6
   691 | D:1      | Reached skill level 1 in Fighting
   691 | D:1      | Reached skill level 1 in Unarmed Combat
   709 | D:1      | You fall through a shaft!
   709 | D:2      | Found an iron altar of Okawaru.
   757 | D:2      | Slain by a worm

Skill      XL: |  1  2 |
---------------+-------+-----
Stealth        | 3 |  3.2
Fighting       | 1 |  1.0
Unarmed Combat | 1 |  1.0
Dodging        | |  2.6
Spellcasting   | |  2.0
Necromancy     | |  4.2

Action                   || total
-------------------------++-------
Melee: Unarmed           ||    82
       Bite              ||     5
 Cast: Animate Skeleton  ||     7
 Stab: Sleeping          ||     6
       Distracted        ||     1
  Eat: Chunk             ||     7
Armor: Skin              ||     4
Dodge: Dodged            ||    66
